AoeStats
← [WaW] Vinncce

Socotra

505129860Analyzed
2v2 RM · 24d ago on Sep 8, 2026· 33m 56s· 4 players
Game mode
Random Map
Map size
Tiny (2 player)
Population
200
Speed
Normal
Resources
Standard
Victory
Conquest
Starting age
Dark Age
Ending age
Imperial Age
RankedLock teamsTeams togetherTeam positionsShared explorationLock speedFull tech treeHidden civsTurbo modeCheats
Victory
Defeat
🇺🇸 Japanese · United States
1046
+15
🇺🇸 Byzantines · United States
1040
+15
🇲🇽 Teutons · Mexico
1044
-16
🇺🇸 Cumans · United States
1005
-14
Streetlamp Le Moose
6:34 Loom
9:22 Feudal Age
9:24 Man-at-Arms
16:10 Double-Bit Axe
23:06 Castle Age
21:43 Fletching
21:54 Padded Archer Armor
23:08 Crossbowman
24:20 Bodkin Arrow
30:19 Thumb Ring
31:40 Wheelbarrow
30:51 Town Watch
30:48 Horse Collar
JakeyHaHa
7:16 Loom
11:10 Feudal Age
12:47 Double-Bit Axe
16:09 Horse Collar
16:24 Fletching
16:40 Padded Archer Armor
22:31 Castle Age
21:33 Forging
21:30 Scale Barding Armor
23:57 Iron Casting
22:45 Pikeman
23:27 Squires
25:55 Bow Saw
32:09 Chain Barding Armor
32:29 Wheelbarrow
[WaW] Vinncce
11:07 Feudal Age
13:29 Double-Bit Axe
20:23 Loom
23:04 Scale Barding Armor
27:02 Castle Age
26:46 Wheelbarrow
26:23 Horse Collar
30:30 Bloodlines
WinterSword26
3:19 Loom
15:03 Feudal Age
17:56 Bloodlines
19:41 Double-Bit Axe
20:34 Man-at-Arms
24:36 Horse Collar
27:24 Scale Barding Armor
27:29 Forging
33:02 Castle Age
31:12 Fletching
31:32 Padded Archer Armor
31:36 Arson
33:47 Scale Mail Armor
Connection lost

Rejoining the realm…

Still unreachable

The connection could not be restored.

Session expired

The server has moved on; the page needs a fresh start.